 Dungeon Crawl Stone Soup version 0.27-a0-1189-gb8eb6cee8e (console) character file.

Game seed: 10511671000005537351

167204 jejorda2 the Phalangite (level 17, -4/140 HPs)
             Began as a Merfolk Berserker on May 22, 2021.
             Was a High Priest of Trog.
             Shot with a bolt by a naga sharpshooter (14 damage)
             ... led by Vashnia
             ... on level 2 of the Snake Pit.
             The game lasted 01:41:16 (35377 turns).

jejorda2 the Phalangite (Merfolk Berserker)        Turns: 35377, Time: 01:41:16

Health: -4/140     AC: 25    Str: 24    XL:     17   Next: 62%
Magic:  17/17      EV: 15    Int:  7    God:    Trog [*****.]
Gold:   1486       SH:  0    Dex:  9    Spells: 16/16 levels left

rFire    + . .     SeeInvis +   a - +6 bardiche (vamp)
rCold    + . .     Faith    +   (shield currently unavailable)
rNeg     + . .     Spirit   .   i - +2 chain mail {rPois}
rPois    +         Reflect  .   L - +2 helmet {SInv}
rElec    +         Harm     .   c - scarf {rC+ rF+}
rCorr    +         Rampage  .   Y - +2 pair of gloves {archery}
Will     +....                  R - +2 pair of boots {Stlth+}
Stlth    ..........             s - amulet of faith
HPRegen  0.33/turn              N - +4 ring of evasion
MPRegen  0.15/turn              Z - ring of Cijypuec {rElec rN+ rCorr Dex-4 Stlth+}

@: studying Fighting
A: (nimble swimmer 2), mertail
}: 1/15 runes: barnacled
a: Renounce Religion, Berserk, Trog's Hand, Brothers in Arms


You were on level 2 of the Snake Pit.
You worshipped Trog.
Trog was extremely pleased with you.
You visited 5 branches of the dungeon, and saw 26 of its levels.
You also visited: Gauntlet.

You collected 3272 gold pieces.
You spent 1786 gold pieces at shops.

Inventory:

Hand Weapons
 a - a +6 vampiric bardiche (weapon)
 b - a +3 bardiche of flaming
 H - the +6 halberd "Osid Bimm" {antimagic, Dex+2}
   (Trog gifted it to you on level 11 of the Dungeon)

   It reduces the magical energy of the wielder, and disrupts the spells and
   magical abilities of those hit.
   Natural abilities and divine invocations are not affected.
   It affects your dexterity (+2).
Missiles
 q - 111 boomerangs (quivered)
 t - 5 throwing nets
 w - 7 boomerangs of dispersal
 y - 101 poisoned darts
 A - 19 javelins
 G - 5 curare-tipped darts
 U - 23 silver javelins
Armour
 c - a scarf of resistance (worn)
 i - a +2 chain mail of poison resistance (worn)
 L - a +2 helmet of see invisible (worn)
 R - a +2 pair of boots of stealth (worn)
 Y - a +2 pair of gloves of archery (worn)
Jewellery
 r - a ring of fire
 s - an amulet of faith (around neck)
 v - a ring of flight
 C - a ring of protection from fire
 N - a +4 ring of evasion (left hand)
 Z - the ring of Cijypuec (right hand) {rElec rN+ rCorr Dex-4 Stlth+}
   (You found it on level 4 of the Shoals)

   [ring of positive energy]

   It affects your dexterity (-4).
   It insulates you from electricity.
   It protects you from negative energy.
   It protects you from acid and corrosion.
   It makes you more stealthy.
Wands
 e - a wand of paralysis (27)
 k - a wand of acid (19)
 D - a wand of iceblast (3)
 F - a wand of mindburst (35)
 M - a wand of polymorph (18)
 Q - a wand of flame (65)
Scrolls
 f - 5 scrolls of teleportation
 p - 14 scrolls of identify
 I - 3 scrolls of fog
 O - 9 scrolls of magic mapping
 T - 3 scrolls of blinking
 X - a scroll of fear
Potions
 g - 9 potions of curing
 h - a potion of ambrosia
 j - a potion of attraction
 l - a potion of cancellation {unknown}
 m - 5 potions of flight
 o - 2 potions of berserk rage
 u - 4 potions of invisibility
 x - 4 potions of mutation
 z - 5 potions of might
 B - 3 potions of lignification
 E - 3 potions of haste
 K - 4 potions of heal wounds
Miscellaneous
 d - a lightning rod (4/4)
 n - a condenser vane
 P - a phial of floods (inert)


   Skills:
 + Level 14.6 Fighting
 - Level 25.0 Polearms
 + Level 9.6 Throwing
 * Level 12.8 Armour
 - Level 10.2 Dodging
 - Level 6.0 Evocations


You had 16 spell levels left.
You didn't know any spells.
Your spell library was empty.

Dungeon Overview and Level Annotations

Branches:
Dungeon (12/15)            Temple (0/1) D:6            Lair (6/6) D:9
 Shoals (4/4) Lair:4        Snake (2/4) Lair:2        Slime (0/5) Lair:5
    Orc (2/2) D:12            Elf (0/3) Orc:2       Gauntlet (visited)

Altars:
Ashenzari
Elyvilon
Gozag
Hepliaklqana
Qazlal
Sif Muna
Uskayaw
Vehumet
Xom
Yredelemnul
Zin
Beogh
Jiyva

Shops:
D:2 (   D:5 (   D:8 (   D:9 (   Orc:1 *   Orc:2 ([((   Shoals:1 (

Annotations:
D:8 1 runed translucent door, NateTC's ghost, novice GrFi
Snake:2 Vashnia


Innate Abilities, Weirdness & Mutations

((You are quick and stealthy near water. (Stealth+, EV+, Speed+++)))
Your lower body shifts to a powerful aquatic tail in water.


Message History

The torrent of water hits Vashnia.
Vashnia is lightly wounded.
Vashnia is knocked back by the torrent of water.
The wave splashes down.
Vashnia is engulfed in water.
The naga sharpshooter shoots an arrow.
The arrow hits you!!
The naga sharpshooter shoots a bolt.
The bolt misses you.
Unknown command.
Vashnia shoots an arrow.
The arrow completely misses you.
The naga sharpshooter shoots an arrow.
The arrow hits you!
The naga sharpshooter spits poison at you.
The splash of poison misses you.
Found a scroll of holy word.
Your ogre goes berserk!
The naga sharpshooter gestures wildly while chanting.
Vashnia shoots an arrow.
The arrow hits you!!
The naga sharpshooter mumbles some strange words.
The naga sharpshooter magically shoots a bolt.
The bolt hits you.
The naga sharpshooter mumbles some strange words.
The naga sharpshooter magically shoots an arrow.
The arrow hits you!
You are too injured to fight recklessly!
You are too injured to fight recklessly!
You are too injured to fight recklessly!
Unknown command.
The naga sharpshooter shoots a bolt.
The bolt hits you!
* * * LOW HITPOINT WARNING * * *
Vashnia shoots an arrow.
The arrow hits you!!
* * * LOW HITPOINT WARNING * * *
x2 The naga sharpshooter shoots a bolt.
The bolt barely misses you.
The naga sharpshooter shoots an arrow.
The arrow barely misses you.
There is a stone staircase leading up, spattered with blood here.
Your ogre closely misses Vashnia.
The naga sharpshooter mumbles some strange words.
The naga sharpshooter magically shoots a bolt.
The bolt hits you.
* * * LOW HITPOINT WARNING * * *
Vashnia shoots an arrow.
The arrow closely misses you.
The naga sharpshooter shoots a bolt.
The bolt hits you!
You die...

....?.....#
#N........
#....N.≈.
#####..N≈≈≈.#
#.......≈N≈≈#
........≈O≈.#
........≈≈≈.#
............#
.......@....#
##.........##
##......[##
#.....###
##...## #..#
###


You could see Vashnia (waterlogged, ally target), 3 naga sharpshooters and a
friendly ogre (summoned, berserk).

Vanquished Creatures
  Saint Roka (Orc:2)
  Polyphemus (Shoals:4)
  A kraken (Shoals:2)
  Gastronok (D:11)
  Donald (Shoals:1)
  A frost giant (Shoals:4)
  A minotaur (Gauntlet)
  Snorg (Lair:5)
  A merfolk javelineer (Shoals:4)
  A fire dragon (Lair:6)
  Josephine (Orc:2)
  8 merfolk impalers
  The ghost of sand the Cleaver, a journeyman HOFi of Nemelex Xobeh (Orc:1)
  Harold (Lair:1)
  A boulder beetle (Lair:5)
  15 hydras
  4 merfolk avatars
  Erica (D:11)
  2 anacondas (Snake:1)
  A catoblepas (Shoals:4)
  A death knight (D:7)
  6 merfolk aquamancers
  3 alligator snapping turtles
  4 two-headed ogres
  7 death yaks
  Urug (D:11)
  5 naga sharpshooters (Snake:1)
  An orc high priest (Orc:2)
  2 shock serpents (Snake:1)
  A sixfirhy (Gauntlet)
  13 sea snakes
  A swamp dragon (Lair:6)
  A lindwurm (Lair:6)
  2 orc knights
  16 harpies
  A necromancer (Gauntlet)
  An ugly thing (D:12)
  2 mana vipers (Snake:1)
  2 orc sorcerers
  3 cyclopes
  An oklob plant (Lair:4)
  7 fauns
  15 manticores
  3 naga magi (Snake:1)
  14 elephants
  13 merfolk sirens
  17 cane toads
  3 water nymphs
  6 black mambas
  2 unseen horrors
  8 komodo dragons
  6 rime drakes
  3 polar bears
  7 trolls
  3 hornets
  4 wind drakes
  23 merfolk
  8 dream sheep
  A slime creature (D:7)
  9 blink frogs (Lair:6)
  A meliai zombie (D:11)
  6 snapping turtles
  15 water elementals
  50 yaks
  A shadow (D:10)
  6 wraiths
  5 wyverns
  6 basilisks
  6 steam dragons
  4 wargs
  2 vampire mosquitoes (D:12)
  Menkaure (D:6)
  10 water moccasins
  5 nagas
  An acid dragon (Lair:6)
  28 orc warriors
  3 swamp drakes (Lair:6)
  A hornet zombie (D:9)
  5 ice beasts
  A necrophage (D:5)
  3 black bears
  7 ogres
  A phantom (D:7)
  27 wolves
  4 centaurs
  11 bullfrogs
  A gnoll sergeant (D:8)
  A wyvern zombie (D:9)
  4 scorpions
  A water moccasin skeleton (D:4)
  5 killer bees (D:10)
  4 wights (D:7)
  5 electric eels
  2 bullfrog skeletons (D:7)
  4 centaur zombies
  9 jellies
  Crazy Yiuf (D:2)
  4 hounds
  A centaur skeleton (D:7)
  17 orc priests
  Ijyb (D:3)
  Terence (D:2)
  Natasha (thrice) (D:4)
  8 iguanas
  32 orc wizards
  A killer bee zombie (D:7)
  A hound skeleton (D:4)
  A howler monkey zombie (D:9)
  4 gnolls
  9 adders
  A white imp (D:7)
  An ufetubus (D:6)
  An adder skeleton (D:4)
  2 worms (D:2)
  2 dart slugs (D:1)
  84 orcs
  6 bats
  27 endoplasms
  A giant cockroach (D:1)
  8 goblins
  12 hobgoblins
  3 jackals (D:3)
  3 quokkas
  3 ball pythons
  7 frilled lizards
  10 kobolds
  4 rats
776 creatures vanquished.

Vanquished Creatures (collateral kills)
  The ghost of OTABOTABOTAB the Tortoise, an adept MiBe of Trog (Shoals:4)
  Ilsuiw (Shoals:3)
  A merfolk javelineer (Shoals:4)
  A merfolk impaler (Shoals:3)
  A merfolk aquamancer (Shoals:4)
  An alligator snapping turtle (Shoals:4)
  3 death yaks (Lair:6)
  A satyr (Shoals:4)
  2 sea snakes (Shoals:3)
  A sixfirhy (Gauntlet)
  An orc knight (Orc:2)
  2 harpies (Shoals:3)
  An orc sorcerer (Orc:2)
  A cyclops (Shoals:4)
  A merfolk siren (Shoals:3)
  A komodo dragon (Lair:6)
  4 merfolk
  A snapping turtle (Shoals:3)
  4 yaks (Lair:6)
  A water elemental (Shoals:3)
  6 orc warriors (Orc:2)
  2 orc priests (Orc:2)
  2 orc wizards (Orc:2)
  4 orcs (Orc:2)
44 creatures vanquished.

Vanquished Creatures (others)
  An orc wizard (Orc:2)
  An endoplasm (D:2)
  47 fungi
  114 plants
  9 tentacles (Shoals:2)
  7 toadstools (D:3)
179 creatures vanquished.

Grand Total: 999 creatures vanquished

Notes
Turn   | Place    | Note
-------+----------+-------------------------------------------
     0 | D:1      | jejorda2 the Merfolk Berserker began the quest for the Orb.
     0 | D:1      | Reached XP level 1. HP: 18/18 MP: 1/1
   110 | D:1      | Reached XP level 2. HP: 24/24 MP: 2/2
   168 | D:1      | Reached skill level 5 in Polearms
   602 | D:1      | Reached XP level 3. HP: 29/29 MP: 3/3
  1290 | D:2      | Noticed Terence
  1311 | D:2      | Killed Terence
  1312 | D:2      | Reached skill level 6 in Polearms
  1312 | D:2      | Reached XP level 4. HP: 37/37 MP: 4/4
  1595 | D:2      | Reached ** piety under Trog
  1831 | D:2      | Found Lyfis's Weapon Shop.
  1924 | D:2      | Gold past fire
  2017 | D:2      | Found a runed translucent door.
  2018 | D:2      | Noticed Crazy Yiuf
  2025 | D:2      | Killed Crazy Yiuf
  2026 | D:2      | Reached XP level 5. HP: 42/42 MP: 5/5
  2240 | D:3      | Noticed Ijyb
  2247 | D:3      | Killed Ijyb
  2314 | D:3      | Reached skill level 7 in Polearms
  2774 | D:3      | Reached XP level 6. HP: 36/49 MP: 6/6
  2784 | D:3      | Reached *** piety under Trog
  3390 | D:4      | Reached skill level 8 in Polearms
  3874 | D:4      | Found a hide-covered altar of Uskayaw.
  4114 | D:4      | Reached skill level 5 in Fighting
  4364 | D:4      | Reached XP level 7. HP: 55/56 MP: 7/7
  4375 | D:4      | Noticed Natasha
  4391 | D:4      | Killed Natasha
  4530 | D:4      | Noticed Natasha
  4545 | D:4      | Killed Natasha
  4596 | D:4      | Noticed Natasha
  4609 | D:4      | Killed Natasha
  4844 | D:5      | Entered Level 5 of the Dungeon
  4860 | D:4      | Reached skill level 9 in Polearms
  4960 | D:4      | Identified a scroll of acquirement
  4960 | D:4      | Acquired 698 gold pieces
  5031 | D:5      | Found Kerang's Weapon Emporium.
  5034 | D:5      | Bought a +1 trident of venom for 145 gold pieces
  5150 | D:5      | Reached skill level 10 in Polearms
  5150 | D:5      | Reached XP level 8. HP: 58/64 MP: 8/8
  5939 | D:6      | Reached skill level 11 in Polearms
  5940 | D:6      | Reached **** piety under Trog
  6252 | D:6      | Found a staircase to the Ecumenical Temple.
  6343 | D:6      | Reached skill level 12 in Polearms
  6386 | D:6      | Reached XP level 9. HP: 67/69 MP: 9/9
  6510 | D:6      | Reached skill level 13 in Polearms
  6510 | D:6      | Reached skill level 5 in Armour
  6644 | D:6      | Noticed Menkaure
  6652 | D:6      | Killed Menkaure
  6892 | D:7      | Found a hazy altar of Hepliaklqana.
  6896 | D:7      | Found a shimmering altar of Xom.
  6896 | D:7      | Found a broken altar of Ashenzari.
  7022 | D:7      | Found a basalt altar of Yredelemnul.
  7022 | D:7      | Found a glowing silver altar of Zin.
  7223 | D:7      | Reached skill level 14 in Polearms
  7340 | D:7      | Found a stormy altar of Qazlal.
  7762 | D:7      | Reached XP level 10. HP: 76/76 MP: 10/10
  7762 | D:7      | Noticed a manticore
  7773 | D:7      | Reached skill level 15 in Polearms
  7776 | D:7      | Killed a manticore
  7862 | D:7      | Noticed a death knight
  7862 | D:7      | Noticed an eight-headed hydra
  7892 | D:7      | Killed an eight-headed hydra
  7893 | D:7      | Reached skill level 16 in Polearms
  8310 | D:7      | Killed a death knight
  8311 | D:7      | Reached skill level 17 in Polearms
  8641 | D:8      | Reached skill level 1 in Evocations
  8790 | D:8      | Found a runed translucent door.
  8790 | D:8      | Found a shimmering altar of Xom.
  8790 | D:8      | Noticed NateTC's ghost (novice GrFi)
  8791 | D:8      | Noticed a +1 mace of chaos
  8896 | D:8      | Found Taheytuc's Antique Weapon Shoppe.
  8958 | D:8      | Killed an unseen horror
  9418 | D:9      | Reached XP level 11. HP: 76/81 MP: 11/11
  9470 | D:9      | Reached skill level 5 in Dodging
  9492 | D:9      | Found Ycinoiv's Weapon Shop.
  9579 | D:9      | Noticed a two-headed ogre
  9590 | D:9      | Killed a two-headed ogre
  9795 | D:9      | Found a staircase to the Lair.
 10034 | D:9      | Found a radiant altar of Vehumet.
 10543 | Lair:1   | Entered Level 1 of the Lair of Beasts
 10681 | Lair:1   | Reached skill level 18 in Polearms
 10794 | Lair:1   | Noticed a five-headed hydra
 10817 | Lair:1   | Reached skill level 5 in Evocations
 11294 | Lair:1   | Noticed a seven-headed hydra
 11296 | Lair:1   | Noticed Harold
 11300 | Lair:1   | Noticed a six-headed hydra
 11308 | Lair:1   | Killed a seven-headed hydra
 11314 | Lair:1   | Killed a six-headed hydra
 11317 | Lair:1   | Killed Harold
 11318 | Lair:1   | Reached skill level 19 in Polearms
 11337 | Lair:1   | Killed a five-headed hydra
 11454 | Lair:1   | Reached XP level 12. HP: 88/88 MP: 12/12
 11613 | Lair:1   | Identified the +7 war axe "Zoqiuw" {vamp, Fly Dex+3}
 12291 | Lair:2   | Found a staircase to the Snake Pit.
 12343 | Lair:2   | Reached skill level 20 in Polearms
 12622 | Lair:2   | Reached skill level 1 in Throwing
 13444 | Lair:3   | Noticed a five-headed hydra
 13453 | Lair:3   | Killed a five-headed hydra
 13551 | Lair:3   | Noticed a five-headed hydra
 13905 | Lair:3   | Noticed a four-headed hydra
 13930 | Lair:3   | Killed a four-headed hydra
 15178 | Lair:4   | Found a staircase to the Shoals.
 15196 | Lair:4   | Acquired a +4 vampiric bardiche
 15405 | Lair:4   | Noticed an eight-headed hydra
 15413 | Lair:4   | Killed an eight-headed hydra
 15793 | Lair:4   | Reached XP level 13. HP: 96/96 MP: 13/13
 15797 | Lair:4   | Reached skill level 21 in Polearms
 16002 | Lair:4   | Reached ***** piety under Trog
 16244 | Lair:4   | Reached skill level 22 in Polearms
 16821 | Lair:5   | Noticed Snorg
 16844 | Lair:5   | Killed Snorg
 17008 | Lair:5   | Found a viscous altar of Jiyva.
 17040 | Lair:5   | Found a staircase to the Slime Pits.
 17709 | Lair:6   | Entered Level 6 of the Lair of Beasts
 17738 | Lair:6   | Identified the +5 glaive "Zihos" {flame, Will+} (Trog
                  | gifted it to you on level 6 of the Lair of Beasts)
 17738 | Lair:6   | Received a gift from Trog
 17855 | Lair:6   | Reached skill level 23 in Polearms
 17934 | Lair:6   | Reached XP level 14. HP: 78/103 MP: 14/14
 17936 | Lair:6   | Found a gate leading to a gauntlet.
 17969 | Gauntlet | Entered a Gauntlet
 17969 | Gauntlet | Found a transporter.
 17969 | Gauntlet | Found a transporter.
 17969 | Gauntlet | Found a runed translucent gate.
 18125 | Gauntlet | Found a transporter.
 18129 | Gauntlet | Found a transporter.
 18137 | Gauntlet | Found a transporter.
 18141 | Gauntlet | Found a transporter.
 18149 | Gauntlet | Found a transporter.
 18169 | Gauntlet | Found a transporter.
 18189 | Gauntlet | Found a transporter.
 18190 | Gauntlet | Found a transporter.
 18200 | Gauntlet | Found a transporter.
 18204 | Gauntlet | Found a transporter.
 18206 | Gauntlet | Found a runed translucent gate.
 18206 | Gauntlet | Found a runed translucent gate.
 18544 | Gauntlet | Identified the ring "Zebralann" {rElec rN++ Str+4 Int+6
                  | Dex-5}
 18546 | Gauntlet | Identified the +1 cloak "Cihamourr" {Dex+3}
 18636 | Gauntlet | Identified the +10 shortbow of the Onslaught {flame, rElec
                  | rF+}
 18647 | Gauntlet | Identified the Reference Book on Enthralling Conjuration
 19192 | Lair:5   | Reached skill level 24 in Polearms
 19887 | Lair:6   | Identified the +6 shortbow of Feirail {flame, rPois Str+3
                  | Stlth+}
 19993 | Lair:6   | Identified the +5 great mace of Midwinter {protect, *Slow
                  | rCorr Int+2}
 20457 | Lair:6   | Reached skill level 25 in Polearms
 21042 | D:10     | Entered Level 10 of the Dungeon
 21194 | D:10     | Found a white marble altar of Elyvilon.
 21889 | D:11     | Noticed Urug
 21900 | D:11     | Killed Urug
 22045 | D:11     | Identified the +6 halberd "Osid Bimm" {antimagic, Dex+2}
                  | (Trog gifted it to you on level 11 of the Dungeon)
 22045 | D:11     | Received a gift from Trog
 22053 | D:11     | Reached XP level 15. HP: 112/112 MP: 15/15
 22136 | D:11     | Noticed Erica
 22149 | D:11     | Killed Erica
 22225 | D:11     | Noticed Gastronok
 22237 | D:11     | Killed Gastronok
 23049 | D:12     | Found a broken altar of Ashenzari.
 23061 | D:12     | Reached skill level 10 in Armour
 23166 | D:12     | Found a staircase to the Orcish Mines.
 23192 | Orc:1    | Entered Level 1 of the Orcish Mines
 23510 | Orc:2    | Entered Level 2 of the Orcish Mines
 23533 | Orc:2    | Noticed Josephine
 23545 | Orc:2    | Killed Josephine
 23546 | Orc:2    | Reached skill level 10 in Fighting
 23613 | Orc:2    | Reached ****** piety under Trog
 23661 | Orc:2    | Noticed Saint Roka
 23664 | Orc:2    | Received a gift from Trog
 23675 | Orc:2    | Found Amun's Antique Weapon Boutique.
 23691 | Orc:2    | Found Ybrat's Antique Armour Shop.
 23699 | Orc:2    | Killed Saint Roka
 24004 | Orc:2    | Found Piom's Antique Weapon Emporium.
 24334 | Orc:2    | Found a staircase to the Elven Halls.
 24358 | Orc:2    | Found a shimmering blue altar of Sif Muna.
 24755 | Orc:2    | Identified the +8 glaive of Pain and Death {vorpal, rElec
                  | rN++ Dex-4} (Trog gifted it to you on level 2 of the Orcish
                  | Mines)
 24755 | Orc:2    | Received a gift from Trog
 24773 | Orc:2    | Found Esiocw's Antique Weapon Emporium.
 25109 | Orc:1    | Found a runed translucent gate.
 25110 | Orc:1    | Found a runed translucent gate.
 25110 | Orc:1    | Found an opulent altar of Gozag.
 25111 | Orc:1    | Found a runed translucent gate.
 25114 | Orc:1    | Found Leen's Assorted Antiques.
 25114 | Orc:1    | Noticed sand's ghost (journeyman HOFi)
 25231 | Orc:1    | Killed sand's ghost
 25284 | Orc:1    | Bought a pair of runed gloves for 232 gold pieces
 25284 | Orc:1    | Bought an agate ring for 155 gold pieces
 25377 | Orc:2    | Bought a pair of embroidered boots for 262 gold pieces
 25377 | Orc:2    | Bought a pair of embroidered gloves for 262 gold pieces
 25377 | Orc:2    | Bought a pair of embroidered gloves for 262 gold pieces
 25468 | Orc:2    | Bought a runed bardiche for 468 gold pieces
 25687 | Shoals:1 | Entered Level 1 of the Shoals
 25743 | Shoals:1 | Noticed Donald
 25770 | Shoals:1 | Killed Donald
 26117 | Shoals:1 | Reached skill level 5 in Throwing
 26664 | Shoals:1 | Received a gift from Trog
 26665 | Shoals:1 | Reached XP level 16. HP: 122/125 MP: 16/16
 26682 | Shoals:1 | Found Jumnoquh's Weapon Shop.
 27322 | Shoals:2 | Noticed a kraken
 27425 | Shoals:2 | Reached skill level 10 in Dodging
 28384 | Shoals:2 | Killed a kraken
 29519 | Shoals:3 | Received a gift from Trog
 29809 | Shoals:3 | Acquired a manual of Fighting
 30280 | Shoals:3 | Noticed Ilsuiw
 30290 | Shoals:3 | Killed Ilsuiw
 30327 | Shoals:3 | Identified the +0 cloak of Day {rF+}
 31166 | Shoals:4 | Entered Level 4 of the Shoals
 31575 | Shoals:4 | Received a gift from Trog
 32152 | Shoals:4 | Found a runed translucent gate.
 32152 | Shoals:4 | Found a runed translucent gate.
 32152 | Shoals:4 | Found a runed translucent gate.
 32160 | Shoals:4 | Noticed OTABOTABOTAB's ghost (adept MiBe)
 32227 | Shoals:4 | Reached XP level 17. HP: 121/136 MP: 17/17
 32235 | Shoals:4 | Noticed Polyphemus
 32998 | Shoals:4 | Killed Polyphemus
 33314 | Shoals:4 | Got a barnacled rune of Zot
 33541 | Shoals:4 | Identified the ring of Cijypuec {rElec rN+ rCorr Dex-4
                  | Stlth+}
 33941 | Shoals:4 | Killed OTABOTABOTAB's ghost
 33962 | Shoals:4 | Identified the +0 ring mail of Salvation {-Tele Rampage
                  | Dex+2 Slay+3}
 34118 | Snake:1  | Entered Level 1 of the Snake Pit
 34637 | Snake:1  | Received a gift from Trog
 35258 | Snake:2  | Noticed Vashnia
 35377 | Snake:2  | Shot with a bolt by a naga sharpshooter

Illustrated notes

##.##### #...#
#. #.# §..[$.○
§.#########. #.#
..$$.§
○........... #.#
..$..
§.#########.
##.# #...#
##.... ...#
#§.§# #..###
#### #☼☼○# #.##
## #☼°○# #=# .##
#.@)# #.# #.####
##..## #.#
##...# #..## #.#
#.##.# #.## ###
#.## .###.# #.#
####.## #..###
## #.# #.#
#.....######<##.
# #.# #.#
#.##............
#.# #.#
#.##########.#..
#.# #.# #.#
#†#..


Turn 1924 on D:2: Gold past fire

Levels and vault maps discovered:
D:1:      dpeg_arrival_rooms_c, layout_basic, st_stairs_9
D:2:      layout_loops_ring, serial_shops, shop, lemuel_flame_loot_1,
          uniq_terence, uniq_crazy_yiuf_cottage
D:3:      cheibrodos_fertilizer, layout_basic, minmay_quantized, uniq_ijyb
D:4:      layout_cave_pods, nicolae_overflow_crystal_walls, uniq_natasha
D:5:      layout_basic, serial_shops, kennysheep_mini_moat
D:6:      layout_gridville, temple_green, uniq_menkaure
D:7:      layout_rooms, nicolae_overflow_hidden_temple,
          grunt_temple_overflow_open, minmay_liquid_box, minmay_the_grid_2x2
          [minmay_the_grid_box_x, minmay_the_grid_paths,
          minmay_the_grid_tiny_cups, minmay_the_grid_prize_big_room]
D:8:      layout_loops_ring, ebering_ghost_xom, serial_shops, shop_coins
D:9:      layout_roguey, amcnicky_altar_gilded, erik_lair_orcish_takeover,
          serial_shops, shop
D:10:     layout_cave_pools, elyvilon_altar_5, serial_column_ruins,
          column_ruins_open_tiny, column_ruins_open_tiny,
          column_ruins_open_tiny, column_ruins_grid_3,
          column_ruins_corridor_corner, nicolae_zen_rock_garden, st_stairs_14,
          statue_in_the_mist_lemuel
D:11:     layout_irregular_city, uniq_urug, uniq_erica, uniq_gastronok
D:12:     layout_loops_ring, erik_orc_2, nicolae_ashenzari_skybound
Lair:1:   layout_cave_pods, st_stairs_3, serial_bayou_pond_e,
          minmay_stone_trees_small, columned_hall_lemuel,
          chequers_serial_rivers_micro_d, grunt_megastairs_1, uniq_harold
Lair:2:   layout_regular_city, guppyfry_snake_entry_garden
Lair:3:   layout_cave_pods
Lair:4:   lemuel_slime, layout_cellular_growth, shoals_dummy_entry,
          beast_lair_carwin_7
Lair:5:   layout_cave_pods, slime_altar_1, uniq_snorg
Lair:6:   guppyfry_lair_end_dragon, layout_cave_pods, hangedman_lair_in_review,
          gauntlet_entry_generic
Shoals:1: layout_shoals, serial_shops, shop_fountains, uniq_donald
Shoals:2: layout_shoals
Shoals:3: layout_shoals, uniq_ilsuiw
Shoals:4: shoals_end_grunt_ice, layout_shoals, gammafunk_ghost_split,
          uniq_polyphemus
Snake:1:  layout_layer_cave, serial_bayou_lagoon_a
Snake:2:  layout_cave_pods, serial_bayou_shore_a, uniq_asterion, uniq_vashnia
Orc:1:    layout_caves, ebering_ghost_gozag
Orc:2:    grunt_orc_community_town_hall, layout_caves,
          grunt_orc_community_big_house_2, grunt_orc_community_big_house_2,
          grunt_orc_community_house_2, grunt_orc_community_house_2,
          grunt_orc_community_house_2, grunt_orc_community_house_3,
          grunt_orc_community_house_2, grunt_orc_community_house_3,
          kennysheep_orc_sif_temple, uniq_josephine

Skill      XL: |  1  2  3  4  5  6  7  8  9 10 11 12 13 14 15 16 17 |
---------------+----------------------------------------------------+-----
Polearms       | 5 6 7 8 10 12 14 17 19 20 23 25 | 25.0
Fighting       | 4 5 6 7 8 11 13 14 | 14.6
Armour         | 2 3 4 5 6 7 8 9 10 11 12 | 12.8
Dodging        | 4 6 9 10 | 10.2
Evocations     | 1 6 |  6.0
Throwing       | 3 5 8 9 |  9.6

Action                   |  1- 3 |  4- 6 |  7- 9 | 10-12 | 13-15 | 16-18 || total
-------------------------+-------+-------+-------+-------+-------+-------++-------
Melee: Spear             |   104 |   234 |    74 |       |       |       ||   412
       Trident           |       |       |   228 |   120 |     4 |       ||   352
       Halberd           |       |       |       |   346 |       |       ||   346
       Tailslap          |       |       |       |     6 |    15 |    32 ||    53
       Bardiche          |       |       |       |    33 |  1146 |   674 ||  1853
       Glaive            |       |       |       |       |    28 |       ||    28
Throw: Stone             |       |     9 |     4 |       |       |       ||    13
       Dart              |       |       |       |    17 |    16 |       ||    33
       Boomerang         |       |       |       |       |    18 |   131 ||   149
       Javelin           |       |       |       |       |     3 |       ||     3
       Throwing net      |       |       |       |       |       |     2 ||     2
Invok: Berserk           |     1 |     4 |     4 |     8 |     8 |     6 ||    31
       Trog's Hand       |       |     1 |     1 |     6 |     6 |     5 ||    19
       Brothers in Arms  |       |       |       |     2 |     5 |     8 ||    15
Evoke: Wand              |       |       |     1 |     7 |       |       ||     8
       Phial of floods   |       |       |       |       |       |     1 ||     1
  Use: Scroll            |       |       |    11 |    20 |     7 |     5 ||    43
       Potion            |       |       |       |     1 |     1 |     4 ||     6
 Stab: Sleeping          |     1 |       |       |       |       |       ||     1
       Distracted        |       |       |       |     1 |     3 |       ||     4
       Held in net/web   |       |       |       |       |       |     1 ||     1
Armor: Ring mail         |     4 |       |       |       |       |       ||     4
       Scale mail        |    12 |    49 |    63 |       |       |       ||   124
       Plate armour      |       |       |    39 |   154 |   277 |       ||   470
       Chain mail        |       |       |       |       |   180 |   285 ||   465
Dodge: Dodged            |    31 |    68 |    73 |   143 |   534 |   429 ||  1278

Table legend: (Time is in decaauts)
 A = Elapsed time spent in this place.
 B = Non-inter-level travel time spent in this place.
 C = Inter-level travel time spent in this place.
 D = Time resting spent in this place.
 E = Time spent auto-exploring this place.
 F = Levels seen in this place.
 G = Mean time per level.
                   A        B        C        D        E       F      G
               +--------+--------+--------+--------+--------+-----+--------+
         Total |  34115 |  31423 |   2692 |   2931 |  23109 |  27 | 1263.5 |
       Dungeon |  12923 |  11826 |   1097 |    821 |   9137 |  12 | 1076.9 |
          Lair |  10099 |   9206 |    893 |    804 |   7090 |   6 | 1683.2 |
        Shoals |   6816 |   6539 |    277 |    947 |   4251 |   4 | 1704.0 |
     Snake Pit |   1232 |   1204 |     28 |    103 |    896 |   2 |  616.0 |
  Orcish Mines |   2315 |   1919 |    396 |    146 |   1293 |   2 | 1157.5 |
      Gauntlet |    727 |    727 |      0 |    108 |    442 |   1 |  727.0 |
               +--------+--------+--------+--------+--------+-----+--------+

Top non-repeatable levels by time:
  Lair:6: 2294 daAuts
  Lair:4: 2101 daAuts
     D:7: 1841 daAuts
Shoals:2: 1812 daAuts
Shoals:3: 1783 daAuts
Shoals:4: 1763 daAuts
  Lair:1: 1687 daAuts
   Orc:2: 1662 daAuts
     D:4: 1611 daAuts
  Lair:3: 1486 daAuts
Shoals:1: 1456 daAuts
  Lair:5: 1284 daAuts
  Lair:2: 1245 daAuts
 Snake:1: 1221 daAuts
     D:3: 1167 daAuts
